 Dungeon Crawl Stone Soup version 0.29-a0-330-g52719c12eb (webtiles) character file.

Game seed: 8730739849698373414

1626 Gwenloh the Spear-Bearer (level 8, -1/60 (67) HPs)
             Began as a Merfolk Berserker on May 20, 2022.
             Was a Follower of Trog.
             Slain by a wight
             ... wielding a +0 mace
              (4 damage)
             ... on level 6 of the Dungeon.
             The game lasted 00:13:52 (7081 turns).

Gwenloh the Spear-Bearer (Merfolk Berserker)        Turns: 7081, Time: 00:13:53

HP:   -1/60 (67)    AC:  5    Str: 17    XL:     8   Next: 97%
MP:   0/10          EV: 15    Int:  6    God:    Trog [*.....]
Gold: 110           SH:  0    Dex: 16    Spells: 7/7 levels left

rFire   . . .      SeeInvis .   a - +0 spear
rCold   + . .      Faith    .   (no shield)
rNeg    . . .      Spirit   +   B - +0 leather armour of the Butcher {+Blink rC+}
rPois   .          Reflect  .   C - +0 helmet
rElec   .          Harm     .   E - +0 cloak
rCorr   .          Rampage  .   (no gloves)
Will    .....                   (no boots)
Stlth   +.........              v - amulet of guardian spirit
HPRegen 0.20/turn               (no ring)
MPRegen 0.12/turn               (no ring)

@: on berserk cooldown, slowed, studying Invocations, heavily drained, very slow
A: (nimble swimmer 2), mertail
a: Renounce Religion, Evoke Blink, Berserk


You were on level 6 of the Dungeon.
You worshipped Trog.
Trog was aware of your devotion.
You visited 2 branches of the dungeon, and saw 7 of its levels.

You collected 110 gold pieces.

Inventory:

Hand Weapons
 a - a +0 spear (weapon)
Missiles
 d - 199 stones (quivered)
 h - 7 poisoned darts
 o - 6 javelins
Armour
 l - a +0 ring mail
 s - a +0 scale mail
 B - the +0 leather armour of the Butcher (worn) {+Blink rC+}
   (You found it on level 4 of the Dungeon)

   rC:        It protects you from cold.
   +Blink:    It lets you blink.
 C - a +0 helmet (worn)
 E - a +0 cloak (worn)
 L - a +2 leather armour of fire resistance
Jewellery
 j - the ring of the Cricket {Ice Fly Str+2}
   (You found it on level 5 of the Dungeon)

   [ring of ice]

   It enhances your ice magic.
   Str:       It affects your strength (+2).
   rF:        It makes you vulnerable to fire.
   rC:        It protects you from cold.
   Fly:       It grants you flight.
 v - an amulet of guardian spirit (around neck)
 K - a ring of protection from cold
Wands
 u - a wand of flame (25)
 w - a wand of paralysis (14)
 y - a wand of iceblast (10)
 H - a wand of charming (1)
Scrolls
 b - 5 scrolls of fog
 e - a scroll of magic mapping
 f - a scroll of holy word
 g - 4 scrolls of teleportation
 k - 5 scrolls of vulnerability
 n - a scroll of torment {unknown}
 p - a scroll of enchant armour {unknown}
 q - 2 scrolls of blinking
 r - a scroll of acquirement {unknown}
 x - a scroll of brand weapon {unknown}
 D - a scroll of noise {unknown}
 G - a scroll of silence {unknown}
Potions
 c - a potion of flight {unknown}
 i - a potion of attraction {unknown}
 m - a potion of invisibility {unknown}
 t - 2 potions of degeneration {unknown}
 z - a potion of brilliance {unknown}
 A - a potion of curing {unknown}
 F - a potion of mutation {unknown}
 I - a potion of might {unknown}
 J - a potion of magic {unknown}


   Skills:
 * Level 7.0 Fighting
 * Level 8.3 Polearms
 + Level 3.2 Armour
 * Level 7.7 Dodging
 + Level 3.4 Invocations
 + Level 2.0 Evocations


You had 7 spell levels left.
You didn't know any spells.
Your spell library contained the following spells:

 Spells                   Type           Power      Damage    Failure   Level
 Inner Flame              Hex/Fire       0%         N/A       87%         3
 Portal Projectile        Hex/Tloc       0%         N/A       87%         3
 Cause Fear               Hex            0%         N/A       99%         4
 Blade Hands              Tmut           0%         N/A       100%        5
 Excruciating Wounds      Necr           0%         N/A       100%        5
 Discord                  Hex            0%         N/A       100%        8


Dungeon Overview and Level Annotations

Branches:
Dungeon (6/15)             Temple (1/1) D:6

Altars:
Ashenzari
Cheibriados
Dithmenos
Elyvilon
Fedhas
Gozag
Hepliaklqana
Kikubaaqudgha
Nemelex Xobeh
Okawaru
Qazlal
Ru
Sif Muna
Trog
Uskayaw
Vehumet
Wu Jian
Xom
Yredelemnul
Zin
The Shining One

Shops:
D:3 [


Innate Abilities, Weirdness & Mutations

((You are very nimble when in or above water. (Stealth+, EV+, Speed+++)))
Your lower body shifts to a powerful aquatic tail in water.


Message History

a +3 great sword; a +0 robe You start waiting.
You feel a strong urge to attack something.
You are no longer berserk.
You are exhausted.
You feel yourself slow down.
You start waiting.
A wight comes into view. It is wielding a +0 long sword.
The wight hits you with a +0 long sword!
You feel drained.
You closely miss the wight. The wight misses you.
You hit the wight but do no damage.
The wight hits you with a +0 long sword!
You puncture the wight!
The wight is heavily damaged.
The wight hits you with a +0 long sword.
You hit the wight.
The wight is heavily damaged.
The wight hits you with a +0 long sword!
You barely miss the wight.
The wight is heavily damaged.
The wight hits you with a +0 mace.
You feel drained.
The wight hits you with a +0 long sword.
You feel drained. The wight misses you. The wight hits you with a +0 mace!
You feel drained.
* * * LOW HITPOINT WARNING * * *
Okay, then.
You don't know any spells.
You blink.
You are still too unstable to blink.
The wight barely misses you. The wight misses you.
The wight hits you with a +0 scimitar!
* * * LOW HITPOINT WARNING * * *
Okay, then.
The wight misses you. The wight attacks as you move away!
The wight hits you with a +0 scimitar.
* * * LOW HITPOINT WARNING * * *
You feel stable enough to blink again. The wight attacks as you move away!
The wight hits you with a +0 mace.
You die...

.#.^8.8.8..#......#
.'...⌠)⌠...+.$....#
##..8)>.8..#......#
##...⌠.⌠...#......#
....8.8.8.(#......#
...........#......#
...........'......#
#.#######..#..zzz.###
#.# ########@...# ..#
+....# ..# #....# ..#
.....# ######


You could see 3 wights.

Vanquished Creatures
  Sigmund (D:3)
  2 sky beasts
  2 black bears
  2 ogres (D:5)
  2 centaurs (D:4)
  A phantom (D:5)
  A necrophage (D:5)
  2 scorpions
  A wight (D:6)
  A howler monkey (D:5)
  2 jellies
  An orc priest (D:5)
  2 iguanas (D:4)
  Ijyb (D:3)
  3 orc wizards
  Robin (D:4)
  4 gnolls (D:2)
  5 adders
  A worm (D:2)
  2 dart slugs
  13 orcs
  6 endoplasms
  A giant cockroach (D:4)
  19 goblins
  4 hobgoblins
  2 jackals (D:1)
  2 quokkas (D:2)
  10 ball pythons
  6 bats
  4 frilled lizards
  4 kobolds
  9 rats
117 creatures vanquished.

Notes
Turn   | Place    | Note
-------+----------+-------------------------------------------
     0 | D:1      | Gwenloh the Merfolk Berserker began the quest for the Orb.
     0 | D:1      | Reached XP level 1. HP: 18/18 MP: 1/1
   126 | D:1      | Reached XP level 2. HP: 22/24 MP: 2/2
   465 | D:1      | Reached ** piety under Trog
   589 | D:1      | Found a faded altar of an unknown god.
   859 | D:2      | Reached XP level 3. HP: 30/30 MP: 3/3
   897 | D:2      | Found an ornate altar of the Wu Jian Council.
  1248 | D:2      | Reached XP level 4. HP: 26/37 MP: 4/4
  1580 | D:2      | Reached skill level 5 in Polearms
  1711 | D:2      | Reached XP level 5. HP: 42/42 MP: 5/5
  2018 | D:3      | Found Getitech's Antique Armour Shoppe.
  2435 | D:3      | Noticed a sky beast
  2441 | D:3      | Killed a sky beast
  2442 | D:3      | Reached XP level 6. HP: 50/50 MP: 6/6
  2592 | D:3      | Reached skill level 5 in Dodging
  2880 | D:3      | Noticed Sigmund
  2890 | D:3      | Killed Sigmund
  2891 | D:3      | Reached skill level 5 in Fighting
  2891 | D:3      | Reached skill level 6 in Polearms
  2891 | D:3      | Reached XP level 7. HP: 56/56 MP: 7/7
  3116 | D:3      | Noticed Ijyb
  3138 | D:3      | Killed Ijyb
  3601 | D:4      | Identified the +0 leather armour of the Butcher {+Blink
                  | rC+}
  3684 | D:4      | Reached skill level 7 in Polearms
  3828 | D:4      | Noticed Robin
  3854 | D:4      | Killed Robin
  4579 | D:5      | Entered Level 5 of the Dungeon
  4643 | D:4      | Reached skill level 1 in Invocations
  4643 | D:4      | Reached XP level 8. HP: 34/64 MP: 2/8
  5237 | D:5      | Reached skill level 1 in Evocations
  6273 | D:5      | Reached skill level 8 in Polearms
  6293 | D:5      | Identified the ring of the Cricket {Ice Fly Str+2}
  6709 | D:6      | Found a staircase to the Ecumenical Temple.
  6729 | Temple   | Entered the Ecumenical Temple
  7080 | D:6      | HP: 2/60 [wight/+0 scimitar (4)]
  7081 | D:6      | Slain by a wight

Illustrated notes

Levels and vault maps discovered:
D:1:      dpeg_arrival_stone_temple_mockup, layout_basic,
          hellmonk_ecumenical_altar_inner_sanctum
D:2:      layout_basic, basic_altar
D:3:      layout_basic, serial_shops, nicolae_shop_advertising_works
          [nicolae_subvault_shop_adworks], st_stairs_13,
          nicolae_figureground_pulse, uniq_sigmund, uniq_ijyb
D:4:      layout_gridville, minmay_manual_mares, uniq_robin
D:5:      nicolae_cairo_tiling_large, layout_loops_ring,
          hangedman_abyss_or_decor_passed, kennysheep_opposing_triangles
D:6:      layout_gridville, minmay_temple_entry_statues_fountains, st_stairs_8
Temple:   kilobyte_greek_temple

Skill      XL: |  1  2  3  4  5  6  7  8 |
---------------+-------------------------+-----
Dodging        | 3 4 5 6 7 |  7.7
Fighting       | 4 5 6 7 |  7.0
Polearms       | 5 6 7 8 |  8.3
Armour         | 2 3 |  3.2
Invocations    | 1 3 |  3.4
Evocations     | 2 |  2.0

Action                   |  1- 3 |  4- 6 |  7- 9 || total
-------------------------+-------+-------+-------++-------
Melee: Spear             |    75 |   104 |   378 ||   557
       Punch             |       |       |     6 ||     6
Throw: Stone             |    61 |    41 |    45 ||   147
       Javelin           |       |       |     1 ||     1
Invok: Berserk           |       |     4 |     9 ||    13
       Trog's Hand       |       |     2 |    10 ||    12
 Abil: Evoke Blink       |       |       |     3 ||     3
  Use: Potion            |       |       |     1 ||     1
       Scroll            |       |       |     6 ||     6
 Stab: Sleeping          |       |       |     2 ||     2
Armor: Ring mail         |     6 |    18 |     8 ||    32
       Animal skin       |     2 |       |       ||     2
       Leather armour    |       |       |    78 ||    78
Dodge: Dodged            |    23 |    28 |   202 ||   253

Table legend: (Time is in decaauts)
 A = Elapsed time spent in this place.
 B = Non-inter-level travel time spent in this place.
 C = Inter-level travel time spent in this place.
 D = Time resting spent in this place.
 E = Time spent auto-exploring this place.
 F = Levels seen in this place.
 G = Mean time per level.
                   A        B        C        D        E       F      G
               +--------+--------+--------+--------+--------+-----+--------+
         Total |   7093 |   6936 |    157 |    300 |   5438 |   7 | 1013.3 |
       Dungeon |   6923 |   6802 |    121 |    300 |   5315 |   6 | 1153.8 |
        Temple |    169 |    133 |     36 |      0 |    123 |   1 |  169.0 |
               +--------+--------+--------+--------+--------+-----+--------+

Top non-repeatable levels by time:
     D:5: 1816 daAuts
     D:4: 1734 daAuts
     D:3: 1272 daAuts
     D:2: 1131 daAuts
     D:1: 848 daAuts
  Temple: 169 daAuts
     D:6: 120 daAuts
